 Dungeon Crawl Stone Soup version 0.31-a0-221-gbddc013574 (webtiles) character file.

Game seed: 13563232201690068552

323 IndexError the Digger (level 6, -5/32 HPs)
             Began as a Gargoyle Earth Elementalist on July 4, 2023.
             Was a Follower of Makhleb.
             Killed from afar by a white imp (10 damage)
             ... with a puff of frost
             ... on level 5 of the Dungeon.
             The game lasted 00:06:34 (4265 turns).

IndexError the Digger (Gargoyle Earth Elementalist) Turns: 4265, Time: 00:06:34

Health: -5/32      AC:  6    Str: 12      XL:     6   Next: 47%
Magic:  4/12       EV: 11    Int: 17      God:    Makhleb [*.....]
Gold:   222        SH:  0    Dex:  7 (10) Spells: 7/13 levels left

rFire   . . .        t - +4 hand axe of Devotion {heavy, +Blink}
rCold   . . .        (no shield)
rNeg    + . .        a - +0 robe
rPois   ∞            (no helmet)
rElec   +            (no cloak)
rCorr   .            (no gloves)
SInv    .            (no boots)
Will    .....        (no amulet)
Stlth   ++           (no ring)
HPRegen 0.25/turn    (no ring)
MPRegen 0.13/turn

%: no passive effects
@: no status effects
A: sickness immunity, AC +4, negative energy resistance 1, electricity
resistance, torment resistance 1, petrification resistance
a: Renounce Religion, Evoke Blink


You were on level 5 of the Dungeon.
You worshipped Makhleb.
Makhleb was aware of your devotion.
You visited 1 branch of the dungeon, and saw 5 of its levels.

You collected 222 gold pieces.

Inventory:

Hand Weapons
 t - the +4 hand axe of Devotion (weapon) {heavy, +Blink}
   (You found it on level 3 of the Dungeon)

   +Blink:    It lets you blink.
Missiles
 f - 2 curare-tipped darts
 j - a boomerang (quivered)
 q - 38 stones
Armour
 a - a +0 robe (worn)
Wands
 h - a wand of flame (2)
   (You took it off an orc on level 4 of the Dungeon)
Scrolls
 c - 4 scrolls of teleportation {unknown}
 d - 4 scrolls of amnesia {unknown}
 e - a scroll of fog {unknown}
 g - a scroll of torment {unknown}
 l - 2 scrolls of immolation {unknown}
 m - 2 scrolls of enchant armour {unknown}
 o - a scroll of butterflies {unknown}
 p - 2 scrolls of fear {unknown}
 r - 4 scrolls of identify {unknown}
 s - 2 scrolls of revelation {unknown}
 u - a scroll of enchant weapon {unknown}
Potions
 b - a potion of magic
 i - a potion of heal wounds {unknown}
 k - a potion of enlightenment {unknown}
 n - 3 potions of curing {unknown}


   Skills:
 - Level 1.5 Dodging
 - Level 2.1 Stealth
 - Level 4.0 Spellcasting
 + Level 2.0 Conjurations
 - Level 0.7 Transmutations
 + Level 6.5 Earth Magic


You had 7 spell levels left.
You knew the following spells:

 Your Spells              Type           Power      Damage    Failure   Level
a - Sandblast             Erth           50%        2d12      1%          1
w - Passwall              Tmut/Erth      12%        N/A       5%          2
x - Stone Arrow           Conj/Erth      36%        3d9       9%          3

Your spell library contained the following spells:

 Spells                   Type           Power      Damage    Failure   Level
 Scorch                   Fire           6%         2d5       24%         2
 Petrify                  Tmut/Erth      15%        N/A       34%         4
 Flame Wave               Conj/Fire      6%         2d5       71%         4
 Fireball                 Conj/Fire      3%         3d4       96%         5
 Plasma Beam              Fire/Air       1%         2x1d11    100%        6


Dungeon Overview and Level Annotations

Branches:
Dungeon (5/15)
 Temple: D:4-7

Altars:
Elyvilon
Makhleb
Yredelemnul

Shops:
D:3 =


Innate Abilities, Weirdness & Mutations

You are immune to sickness and miasma.
Your stone body is resilient. (AC +4)
You are immune to poison.
You resist negative energy. (rN+)
You are resistant to electric shocks. (rElec)
You are resistant to unholy torment.
You are immune to petrification.


Message History

The quasit claws you but does no damage. x2
The quasit misses you. The quasit closely misses you.
The quasit barely misses you. The white imp closely misses you. x2
The quasit bites you but does no damage.
The quasit misses you. The quasit closely misses you. The quasit misses you.
The quasit claws you but does no damage. x2
The ufetubus hits you but does no damage.
The ufetubus completely misses you. The white imp barely misses you.
The white imp hits you but does no damage.
You now have 7/12 mp.
Casting: Sandblast (safe; 1% risk of failure)
Confirm with . or Enter, or press ? or * to list all spells.
Aiming: Sandblast (safe; 1% risk of failure)
Press: ? - help, Shift-Dir - straight line, f - quasit
Aim: a quasit (68% to hit)
The blast of sand misses the quasit.
The ufetubus hits you but does no damage.
The ufetubus closely misses you. The quasit closely misses you. x2
The quasit claws you but does no damage.
The quasit barely misses you. x2; The quasit misses you.
The ufetubus misses you. The ufetubus closely misses you.
The quasit bites you but does no damage.
The quasit misses you. The quasit claws you.
The quasit bites you but does no damage.
The quasit claws you but does no damage.
The quasit closely misses you. The white imp closely misses you.
The white imp completely misses you.
You take 2 damage, and have 24/32 hp.
You now have 6/12 mp.
Casting: Sandblast (safe; 1% risk of failure)
Confirm with . or Enter, or press ? or * to list all spells.
Aiming: Sandblast (safe; 1% risk of failure)
Press: ? - help, Shift-Dir - straight line, f/p - quasit
Aim: a quasit (68% to hit)
The blast of sand misses the quasit.
The ufetubus hits you.
The ufetubus hits you but does no damage.
The quasit bites you but does no damage.
The quasit closely misses you. The quasit claws you.
The quasit bites you but does no damage.
The quasit claws you but does no damage. x2
The ufetubus barely misses you. The ufetubus completely misses you.
The white imp gestures at you. The puff of frost hits you!
The white imp puffs mist at you. The white imp barely misses you.
The quasit barely misses you. The quasit misses you.
The quasit claws you but does no damage.
The quasit barely misses you.
The quasit claws you but does no damage. x2
The ufetubus closely misses you. The ufetubus completely misses you.
The white imp hits you. The white imp freezes you.
* * * LOW HITPOINT WARNING * * *
The white imp barely misses you.
You take 16 damage, and have 8/32 hp.
MASSIVE DAMAGE!!
You now have 5/12 mp.
Casting: Sandblast (safe; 1% risk of failure)
Confirm with . or Enter, or press ? or * to list all spells.
Aiming: Sandblast (safe; 1% risk of failure)
Press: ? - help, Shift-Dir - straight line, f/p - quasit
Aim: a quasit (68% to hit)
The blast of sand hits the quasit.
The quasit bites you but does no damage.
The quasit barely misses you.
The quasit claws you but does no damage.
The quasit bites you.
* * * LOW HITPOINT WARNING * * *
The quasit closely misses you. The quasit barely misses you.
The ufetubus closely misses you. x2
The quasit bites you but does no damage.
The quasit closely misses you.
The quasit claws you but does no damage.
The quasit bites you.
* * * LOW HITPOINT WARNING * * *
You feel clumsy.
The quasit claws you but does no damage.
The quasit closely misses you. The white imp barely misses you.
The white imp gestures at you. The puff of frost misses you.
The ufetubus closely misses you.
The ufetubus hits you but does no damage.
Casting: Sandblast (safe; 1% risk of failure)
Confirm with . or Enter, or press ? or * to list all spells.
Aiming: Sandblast (safe; 1% risk of failure)
Press: ? - help, Shift-Dir - straight line, f/p - quasit
Aim: a quasit (lightly wounded, 68% to hit)
The blast of sand misses the quasit.
The quasit closely misses you.
The quasit claws you but does no damage. x2
The ufetubus closely misses you.
The ufetubus hits you but does no damage.
The quasit closely misses you. The quasit barely misses you.
The quasit claws you but does no damage.
The white imp hits you but does no damage. x2
The quasit barely misses you.
The quasit claws you but does no damage. x2
The ufetubus hits you.
* * * LOW HITPOINT WARNING * * *
The ufetubus barely misses you.
The quasit bites you but does no damage.
The quasit closely misses you.
The quasit claws you but does no damage.
The white imp gestures at you. The puff of frost hits you!
You die...

.~~~..
♣~~~~P ##
♣≈.~~.
... .~..♣
....#...#
......#
#.55#
#.5@#
#.55#
......#
#......#
#..∩...#
#......#
#.....##
######


You could see 2 quasits, 2 white imps and an ufetubus.

Vanquished Creatures
  An ogre (D:4)
  An orc priest (D:4)
  An iguana (D:4)
  An orc wizard (D:4)
  A gnoll (D:1)
  5 adders
  A shadow imp (D:5)
  A white imp (D:5)
  2 dart slugs (D:2)
  7 orcs
  4 endoplasms
  3 giant cockroaches
  6 goblins
  8 hobgoblins
  5 jackals
  6 kobolds
  3 quokkas (D:2)
  8 ball pythons
  7 bats
  4 frilled lizards (D:1)
  5 rats
80 creatures vanquished.

Notes
Turn   | Place    | Note
-------+----------+-------------------------------------------
     0 | D:1      | IndexError the Gargoyle Earth Elementalist began the quest
                  | for the Orb.
     0 | D:1      | Reached XP level 1. HP: 10/10 MP: 3/3
   163 | D:1      | HP: 1/10 [gnoll/+0 whip (4)]
   165 | D:1      | Reached skill level 4 in Earth Magic
   165 | D:1      | Reached XP level 2. HP: 3/15 MP: 0/5
   856 | D:1      | Reached XP level 3. HP: 19/19 MP: 4/6
  1320 | D:2      | Reached skill level 3 in Spellcasting
  1525 | D:2      | Reached XP level 4. HP: 24/24 MP: 5/8
  1646 | D:2      | Reached skill level 5 in Earth Magic
  2350 | D:3      | Got the Parchment of Accelerants
  2688 | D:3      | Identified the +4 hand axe of Devotion {heavy, +Blink}
  2747 | D:3      | Found a basalt altar of Yredelemnul.
  3017 | D:3      | Found Tuseasafum's Jewellery Shop.
  3070 | D:3      | Found a white marble altar of Elyvilon.
  3257 | D:3      | Found a faded altar of an unknown god.
  3262 | D:3      | Prayed at the altar of an unknown god.
  3262 | D:3      | Became a worshipper of Makhleb the Destroyer
  3262 | D:3      | Reached * piety under Makhleb
  3418 | D:4      | Reached XP level 5. HP: 28/28 MP: 6/10
  3560 | D:4      | HP: 6/28 [something (3)]
  3565 | D:4      | Reached skill level 4 in Spellcasting
  3687 | D:4      | Learned a level 2 spell: Passwall
  3691 | D:4      | Learned a level 3 spell: Stone Arrow
  3709 | D:4      | Reached skill level 6 in Earth Magic
  3998 | D:4      | Reached XP level 6. HP: 32/32 MP: 12/12
  4015 | D:4      | Reached skill level 1 in Conjurations
  4255 | D:5      | Entered Level 5 of the Dungeon
  4258 | D:5      | Reached skill level 2 in Conjurations
  4263 | D:5      | HP: 8/32 [white imp (4)]
  4265 | D:5      | Killed from afar by a white imp

Illustrated notes

Levels and vault maps discovered:
D:1:      dpeg_arrival_stone_temple_mockup, layout_loops_ring
D:2:      minmay_chambers_of_ones, layout_basic
D:3:      layout_loops_corners, overflow_temple_1_default, lemuel_doored_altar,
          serial_shops, shop, shapermc_ecumenical_altar_petra
D:4:      corexii_shack_village, layout_basic
D:5:      layout_rooms, serial_demonic, serial_demonic_d, serial_demonic_c,
          serial_demonic_b, serial_demonic_g, serial_demonic_f,
          serial_demonic_g, serial_demonic_b, serial_demonic_a,
          serial_demonic_a, serial_demonic_c, kennysheep_decorative_pillar

Skill      XL: |  1  2  3  4  5  6 |
---------------+-------------------+-----
Earth Magic    | 4 5 6 |  6.5
Spellcasting   | 3 4 |  4.0
Conjurations   | 2 |  2.0
Dodging        | |  1.5
Stealth        | |  2.1
Transmutations | |  0.7

Action                     |  1- 3 |  4- 6 || total
---------------------------+-------+-------++-------
  Melee: Unarmed           |     4 |       ||     4
         Hand axe          |       |    12 ||    12
  Throw: Boomerang         |    12 |    30 ||    42
   Cast: Sandblast         |    50 |    66 ||   116
 Armour: Robe              |    15 |    71 ||    86
  Dodge: Dodged            |    20 |    75 ||    95

Table legend: (Time is in decaauts)
 A = Elapsed time spent in this place.
 B = Non-inter-level travel time spent in this place.
 C = Inter-level travel time spent in this place.
 D = Time resting spent in this place.
 E = Time spent auto-exploring this place.
 F = Levels seen in this place.
 G = Mean time per level.
                   A        B        C        D        E       F      G
               +--------+--------+--------+--------+--------+-----+--------+
         Total |   4347 |   3792 |    555 |      0 |   3305 |   5 |  869.4 |
       Dungeon |   4347 |   3792 |    555 |      0 |   3305 |   5 |  869.4 |
               +--------+--------+--------+--------+--------+-----+--------+

Top non-repeatable levels by time:
     D:2: 1176 daAuts
     D:1: 1146 daAuts
     D:3: 1113 daAuts
     D:4: 896 daAuts
     D:5: 14 daAuts

Levels and vault maps discovered:
D:1:      dpeg_arrival_stone_temple_mockup, layout_loops_ring
D:2:      minmay_chambers_of_ones, layout_basic
D:3:      layout_loops_corners, overflow_temple_1_default, lemuel_doored_altar,
          serial_shops, shop, shapermc_ecumenical_altar_petra
D:4:      corexii_shack_village, layout_basic
D:5:      layout_rooms, serial_demonic, serial_demonic_d, serial_demonic_c,
          serial_demonic_b, serial_demonic_g, serial_demonic_f,
          serial_demonic_g, serial_demonic_b, serial_demonic_a,
          serial_demonic_a, serial_demonic_c, kennysheep_decorative_pillar

Table legend: (Time is in decaauts)
 A = Elapsed time spent in this place.
 B = Non-inter-level travel time spent in this place.
 C = Inter-level travel time spent in this place.
 D = Time resting spent in this place.
 E = Time spent auto-exploring this place.
 F = Levels seen in this place.
 G = Mean time per level.
                   A        B        C        D        E       F      G
               +--------+--------+--------+--------+--------+-----+--------+
         Total |   4347 |   3792 |    555 |      0 |   3305 |   5 |  869.4 |
       Dungeon |   4347 |   3792 |    555 |      0 |   3305 |   5 |  869.4 |
               +--------+--------+--------+--------+--------+-----+--------+

Top non-repeatable levels by time:
     D:2: 1176 daAuts
     D:1: 1146 daAuts
     D:3: 1113 daAuts
     D:4: 896 daAuts
     D:5: 14 daAuts

Table legend:
 A = Kills in this place as a percentage of kills in the entire game.
 B = Kills by you in this place as a percentage of kills by you in the entire game.
 C = Kills by friends in this place as a percentage of kills by friends in the entire game.
 D = Other kills in this place as a percentage of other kills in the entire game.
 E = Experience gained in this place as a percentage of experience gained in the entire game.
 F = Experience gained in this place divided by the number of levels of this place that you have seen.
                   A       B       C       D       E      F
               +-------+-------+-------+-------+-------+----------------------
         Total | 100.0 | 100.0 |   N/A |   N/A | 100.0 |  92.4
       Dungeon | 100.0 | 100.0 |   N/A |   N/A | 100.0 |  92.4
               +-------+-------+-------+-------+-------+----------------------
